 Dungeon Crawl Stone Soup version 0.24.1-4-ge52af88ad5 (webtiles) character file.

Game seed: 595252023510052470, levelgen mode: deterministic

2786 Nixze the Archer (level 9, 0/112 HPs)
             Began as a Centaur Hunter on Apr 15, 2020.
             Was a Priest of Okawaru.
             Succumbed to a killer bee's poison
             ... on level 8 of the Dungeon.
             The game lasted 00:27:17 (8166 turns).

Nixze the Archer (Centaur Hunter)                   Turns: 8166, Time: 00:27:18

Health: 0/112      AC:  9    Str: 28    XL:     9   Next: 43%
Magic:  1/9        EV:  9    Int: 10    God:    Okawaru [***...]
Gold:   456        SH:  0    Dex: 11    Spells: 8/8 levels left

rFire    . . .     SeeInvis .   b - +1 dagger (freeze)
rCold    . . .     Gourm    .   (no shield)
rNeg     . . .     Faith    .   r - +3 leather armour of Beauty {Str+3 Stlth+}
rPois    .         Spirit   +   y - +0 helmet
rElec    .         Reflect  .   J - scarf {Spirit}
rCorr    .         Harm     .   c - +0 pair of gloves
MR       .....                  (no barding)
Stlth    ..........             (no amulet)
HPRegen  0.28/turn              e - +3 ring of strength
MPRegen  0.11/turn              (no ring)

@: berserking, lethally poisoned (0 -> -25), about to teleport, very quick
A: large, hooves 3, deformed body, speed 2, tough skin 3
a: Heroism, Renounce Religion


You were on level 8 of the Dungeon.
You worshipped Okawaru.
Okawaru was most pleased with you.
You were not hungry.

You visited 1 branch of the dungeon, and saw 8 of its levels.

You collected 456 gold pieces.

Inventory:

Hand Weapons
 a - a +0 longbow
 b - a +1 dagger of freezing (weapon)
 F - a +0 arbalest
 L - a +1 shortbow
Missiles
 d - 81 arrows
 D - 22 poisoned darts (quivered)
Armour
 c - a +0 pair of gloves (worn)
 r - the +3 leather armour of Beauty (worn) {Str+3 Stlth+}
   (You found it on level 5 of the Dungeon)

   It affects your strength (+3).
   It makes you more stealthy.
 y - a +0 helmet (worn)
 J - a scarf of spirit shield (worn)
Jewellery
 e - a +3 ring of strength (left hand)
 x - an uncursed ring of ice
 I - an uncursed ring of fire
 M - an uncursed ring of wizardry {unknown}
Wands
 B - a wand of acid (3)
 C - a wand of random effects (22)
Scrolls
 h - 3 scrolls of teleportation
 l - a scroll of identify
 m - a scroll of fear {unknown}
 p - 2 scrolls of fog {unknown}
 q - a scroll of amnesia
 u - a scroll of noise {unknown}
 v - 6 scrolls of remove curse
 w - a scroll of enchant armour {unknown}
 E - 2 scrolls of magic mapping {unknown}
 H - 2 scrolls of enchant weapon {unknown}
Potions
 g - a potion of might
 i - 2 potions of cancellation
 j - 3 potions of heal wounds {unknown}
 n - 2 potions of flight {unknown}
 o - 2 potions of degeneration {unknown}
 s - 2 potions of brilliance {unknown}
 t - 3 potions of lignification
 z - a potion of haste {unknown}
 A - a potion of magic {unknown}
 G - 3 potions of ambrosia {unknown}
 K - a potion of curing {unknown}
Comestibles
 f - 14 rations


   Skills:
 + Level 5.8 Fighting
 * Level 2.1 Short Blades
 * Level 14.6 Bows
 + Level 1.5 Armour
 - Level 1.3 Dodging
 - Level 0.4 Stealth


You had 8 spell levels left.
You didn't know any spells.
Your spell library contained the following spells:

 Spells                   Type           Power        Failure   Level  Hunger
 Animate Skeleton         Necr           N/A          38%         1    ##.....
 Apportation              Tloc           #.....       38%         1    ##.....
 Confusing Touch          Hex            #.....       38%         1    ##.....
 Summon Small Mammal      Summ           #...         38%         1    ##.....


Dungeon Overview and Level Annotations

Branches:
Dungeon (8/15)             Temple (0/1) D:4
   Lair: D:8-11

Altars:
Okawaru
Qazlal
Trog

Annotations:
D:4 Grinder


Innate Abilities, Weirdness & Mutations

You have hooves in place of feet.
Armour fits poorly on your strangely shaped body.
You cover ground very quickly.
You have extremely tough skin. (AC +3)


Message History

The worker ant twitches its antennae in your direction.
The killer bee barely misses you. x2; The killer bee stings you.
* * * LOW HITPOINT WARNING * * *
The orc wizard miscasts a cantrip.
The killer bee stings you.
* * * LOW HITPOINT WARNING * * *
The killer bee closely misses you. The killer bee barely misses you.
Unknown command.
You are too berserk!
You are too berserk!
You puncture the killer bee! You freeze the killer bee.
You kill the killer bee!
Okawaru accepts your kill.
* * * LOW HITPOINT WARNING * * *
You feel sick. The killer bee stings you.
* * * LOW HITPOINT WARNING * * *
You are more poisoned.
The killer bee poisons you!
The killer bee stings you but does no damage.
You die...

#................#
##............####
#...........##
#.......ao..#
#..........##
#..........o##
.............y##
.........####y.#
.....##### ##@##
...# ##)# #.##
##.## ##.# ##..#
#...# .. ##...#
..# ##....#


You could see a worker ant, 2 killer bees, an orc priest and an orc wizard.

Vanquished Creatures
  The ghost of Doot the Stinger, a novice OpVM of Vehumet (D:6)
  Prince Ribbit (D:5)
  Sigmund (D:2)
  An orc warrior (D:7)
  2 ogres
  3 ice beasts
  A phantom (D:7)
  A centaur (D:6)
  3 bullfrogs
  A wyvern zombie (D:7)
  A scorpion (D:8)
  A killer bee (D:8)
  A howler monkey (D:5)
  2 crimson imps
  A bullfrog zombie (D:7)
  4 hounds
  4 orc priests
  2 jellies
  2 bullfrog skeletons
  3 orc wizards
  A water moccasin simulacrum (D:6)
  An iguana (D:7)
  5 worker ants
  A hound zombie (D:5)
  Robin (D:3)
  6 adders
  2 gnolls (D:7)
  A white imp (D:6)
  2 oozes
  4 adder skeletons
  A worm (D:4)
  2 leopard geckos
  12 orcs
  A ball python (D:6)
  A bat skeleton (D:2)
  A bat zombie (D:2)
  4 giant cockroaches
  7 goblins
  10 hobgoblins
  13 jackals
  8 kobolds
  4 quokkas
  A ball python zombie (D:2)
  3 bats
  4 frilled lizards
  A giant cockroach zombie (D:5)
  A jackal simulacrum (D:6)
  2 jackal skeletons
  A leopard gecko skeleton (D:7)
  2 leopard gecko zombies
  A quokka skeleton (D:6)
  7 rats
147 creatures vanquished.

Notes
Turn   | Place    | Note
-------+----------+-------------------------------------------
     0 | D:1      | Nixze the Centaur Hunter began the quest for the Orb.
     0 | D:1      | Reached XP level 1. HP: 17/17 MP: 1/1
   363 | D:1      | Reached XP level 2. HP: 23/24 MP: 2/2
   365 | D:1      | Reached skill level 6 in Bows
  1404 | D:1      | Reached XP level 3. HP: 29/29 MP: 3/3
  2161 | D:2      | Found a faded altar of an unknown god.
  2591 | D:2      | Noticed Sigmund
  2608 | D:2      | Killed Sigmund
  2608 | D:2      | Reached skill level 1 in Short Blades
  2608 | D:2      | Reached skill level 7 in Bows
  2608 | D:2      | Reached skill level 1 in Armour
  2608 | D:2      | Reached XP level 4. HP: 11/37 MP: 4/4
  2608 | D:2      | Reached XP level 5. HP: 14/44 MP: 5/5
  3429 | D:3      | Reached skill level 8 in Bows
  3662 | D:3      | Found an iron altar of Okawaru.
  3674 | D:3      | Became a worshipper of Warmaster Okawaru
  4067 | D:4      | Noticed Robin
  4077 | D:3      | Killed Robin
  4077 | D:3      | Reached XP level 6. HP: 42/51 MP: 6/6
  4251 | D:4      | Found a staircase to the Ecumenical Temple.
  4288 | D:4      | Noticed Grinder
  4374 | D:4      | Paralysed by Grinder for 7 turns
  4701 | D:5      | Entered Level 5 of the Dungeon
  4783 | D:4      | Reached skill level 9 in Bows
  5012 | D:5      | Reached XP level 7. HP: 30/58 MP: 7/7
  5277 | D:5      | Got a transparent leather armour
  5288 | D:5      | Identified the +3 leather armour of Beauty {Str+3 Stlth+}
                  | (You found it on level 5 of the Dungeon)
  5389 | D:5      | Noticed Prince Ribbit
  5410 | D:5      | Killed Prince Ribbit
  5410 | D:5      | Reached * piety under Okawaru
  5410 | D:5      | Reached skill level 10 in Bows
  5882 | D:6      | Reached skill level 11 in Bows
  6026 | D:6      | Found a runed translucent gate.
  6026 | D:6      | Found a runed translucent gate.
  6026 | D:6      | Found a runed translucent gate.
  6039 | D:6      | Reached XP level 8. HP: 67/67 MP: 8/8
  6096 | D:6      | Reached ** piety under Okawaru
  6146 | D:6      | Reached skill level 12 in Bows
  6172 | D:6      | Noticed Doot's ghost (novice OpVM)
  6197 | D:6      | Killed Doot's ghost
  6197 | D:6      | Reached skill level 5 in Fighting
  6197 | D:6      | Reached skill level 13 in Bows
  6356 | D:6      | Found a stormy altar of Qazlal.
  6359 | D:6      | Noticed an air elemental
  6408 | D:6      | Found a bloodstained altar of Trog.
  6935 | D:7      | Reached XP level 9. HP: 74/74 MP: 9/9
  7007 | D:7      | Reached *** piety under Okawaru
  7122 | D:7      | Reached skill level 14 in Bows
  8164 | D:8      | HP: 5/112 [killer bee (1)]
  8165 | D:8      | HP: 1/112 [killer bee (4)]
  8166 | D:8      | Succumbed to a killer bee's poison

Levels and vault maps discovered:
D:1:      saegor_arrival_simple_e, layout_basic
D:2:      layout_basic, chequers_ecumenical_altar_simple, serial_undead,
          serial_undead_e, serial_undead_f, serial_undead_e, serial_undead_b,
          minivault_24, grunt_ministairs_12, minmay_misc_feat_ornament,
          uniq_sigmund
D:3:      layout_loops_ring, lemuel_doored_altar
D:4:      layout_rooms, nicolae_overflow_crystal_walls,
          minmay_temple_entry_mini_moons, uniq_robin, uniq_grinder
D:5:      layout_cave_pools, first_ration, uniq_prince_ribbit1
D:6:      layout_basic, lightli_temple_of_fire,
          nicolae_qazlal_style_of_elements, gammafunk_ghost_icy
D:7:      layout_loops_ring, sigmund_army
D:8:      layout_layer_cave, kennysheep_mini, minmay_lair_entry_grove,
          nicolae_tso_swordbearing_angel

Skill      XL: |  1  2  3  4  5  6  7  8  9 |
---------------+----------------------------+-----
Bows           | 6 7 8 9 11 13 14 | 14.6
Short Blades   | 1 2 |  2.1
Armour         | 1 |  1.5
Fighting       | 3 4 5 |  5.8
Dodging        | |  1.3
Stealth        | |  0.4

Action                   |  1- 3 |  4- 6 |  7- 9 || total
-------------------------+-------+-------+-------++-------
Melee: Short sword       |    73 |       |       ||    73
       Kick              |    17 |    25 |    34 ||    76
       Dagger            |    16 |    95 |   103 ||   214
 Fire: Shortbow          |    41 |    64 |   164 ||   269
       Longbow           |       |       |    32 ||    32
Throw: Throwing net      |       |       |     1 ||     1
       Dart              |       |       |     2 ||     2
  Use: Scroll            |     2 |     5 |     1 ||     8
       Potion            |       |       |     1 ||     1
  Eat: Chunk             |     2 |     4 |     5 ||    11
       Ration            |       |     1 |     1 ||     2
Armor: Leather armour    |    33 |       |    36 ||    69
       Ring mail         |       |    41 |       ||    41
       Scale mail        |       |     3 |    14 ||    17
Dodge: Dodged            |    51 |    53 |    59 ||   163
